 Dungeon Crawl Stone Soup version 0.21.1-1-g345015f (webtiles) character file.

101 goulibeur the Unweaver (level 4, -2/35 HPs)
             Began as a Demonspawn Abyssal Knight on July 9, 2018.
             Was a Follower of Lugonu.
             Slain by a gnoll
             ... wielding a +0 spear
              (4 damage)
             ... on level 2 of the Dungeon on July 10, 2018.
             The game lasted 00:05:18 (1364 turns).

goulibeur the Unweaver (Demonspawn Abyssal Knight)  Turns: 1364, Time: 00:05:19

Health: -2/35      AC:  4    Str: 13    XL:     4   Next: 48%
Magic:  7/7        EV:  4    Int: 13    God:    Lugonu [*.....]
Gold:   155        SH:  0    Dex: 13    Spells: 3/3 levels left

rFire    . . .     SeeInvis .   a - +1 short sword
rCold    . . .     Gourm    .   m - +0 shield
rNeg     . . .     Faith    .   j - +0 ring mail
rPois    .         Spirit   .   (helmet restricted)
rElec    .         Reflect  .   (no cloak)
rCorr    .         Harm     .   (no gloves)
MR       .....     Rnd*Tele +   (no boots)
Stlth    +.........             l - amulet of regeneration
HPRegen  0.51/turn              k - -3 ring of protection (curse)
MPRegen  0.10/turn              o - ring of teleportation (curse)

@: held
A: horns 1, iridescent scales 1
a: Depart the Abyss, Renounce Religion


You were on level 2 of the Dungeon.
You worshipped Lugonu.
Lugonu was aware of your devotion.
You were hungry.

You visited 1 branch of the dungeon, and saw 2 of its levels.
You visited the Abyss 1 time.

You collected 155 gold pieces.

Inventory:

Hand Weapons
 a - a +1 short sword (weapon)
 r - a +0 broad axe
Armour
 b - a +0 leather armour
 j - a +0 ring mail (worn)
 m - a +0 shield (worn)
Jewellery
 k - a cursed -3 ring of protection (left hand)
 l - an amulet of regeneration (around neck)
 o - a cursed ring of teleportation (right hand)
 t - a cursed amulet of inaccuracy {unknown}
Scrolls
 g - 3 scrolls of identify
 q - a scroll of amnesia
Potions
 d - 2 potions of resistance {unknown}
 e - 2 potions of agility {unknown}
 h - a potion of haste {unknown}
 i - 2 potions of degeneration
 n - a potion of curing {unknown}
 p - a potion of mutation {unknown}
 s - a potion of might {unknown}
Comestibles
 c - 2 rations


   Skills:
 + Level 3.4 Fighting
 - Level 1.7 Short Blades
 + Level 2.4 Armour
 + Level 1.7 Dodging
 + Level 1.0 Shields
 * Level 4.2 Invocations


You had 3 spell levels left.
You didn't know any spells.

Dungeon Overview and Level Annotations

Branches:
Dungeon (2/15)

Altars:


Innate Abilities, Weirdness & Mutations

You have a pair of small horns on your head.
You are partially covered in iridescent scales. (AC +2)


Message History

The gnoll hits you with a flail.
* * * LOW HITPOINT WARNING * * *
You hit the gnoll.
You kill the gnoll!
Lugonu accepts your kill.
The gnoll hits you from afar with a spear.
* * * LOW HITPOINT WARNING * * *
You block the gnoll's attack.
The gnoll throws a throwing net.
The throwing net hits you.
You become entangled in the net!
There is a stone staircase leading down here.
You see here a throwing net.
You struggle against the net.
You struggle against the net.
The gnoll hits you but does no damage.
You struggle against the net.
The gnoll hits you from afar with a spear.
* * * LOW HITPOINT WARNING * * *
You struggle against the net.
The gnoll hits you from afar with a spear.
You die...

#.# #..........#
#.# ####.#####.#
######.# #.# #.#
....##.#
.#######.# #.#
###.##g#
.........# #.#
#.##.#
########## #(#
#.##.###########
#.#
#.##........g..#
####.#
#.############@#
#....# #.# #.#
#.#### #.# #.#
#.# #.# #.# #.#
#.# #.# #.# #.##
#.# #.# #..##
#.# #.# ###.#.##
#.# #.# .....#.#
#######%###.#


You could see a gnoll.

Vanquished Creatures
  A scorpion (D:2)
  An adder (D:2)
  2 gnolls (D:2)
  A dart slug (D:1)
  A giant cockroach (D:2)
  2 goblins (D:1)
  2 hobgoblins (D:2)
  7 kobolds
  3 bats
  A frilled lizard (D:2)
  5 rats
26 creatures vanquished.

Notes
Turn   | Place    | Note
-------+----------+-------------------------------------------
     0 | Abyss:1  | goulibeur the Demonspawn Abyssal Knight began the quest for the Orb.
     0 | Abyss:1  | Reached XP level 1. HP: 18/18 MP: 2/2
   183 | Abyss:1  | Noticed a spatial vortex
   184 | D:1      | Escaped the Abyss
   224 | D:1      | Reached skill level 1 in Dodging
   505 | D:1      | Gained mutation: You are partially covered in iridescent scales. (AC +2) [demonic ancestry]
   505 | D:1      | Reached XP level 2. HP: 23/24 MP: 4/4
   672 | D:1      | Reached skill level 3 in Invocations
  1030 | D:2      | Reached XP level 3. HP: 28/29 MP: 5/5
  1083 | D:2      | Reached * piety under Lugonu
  1187 | D:2      | Noticed a scorpion
  1205 | D:2      | Killed a scorpion
  1205 | D:2      | Reached skill level 1 in Shields
  1205 | D:2      | Reached skill level 4 in Invocations
  1205 | D:2      | Gained mutation: You have a pair of small horns on your head. [demonic ancestry]
  1205 | D:2      | Reached XP level 4. HP: 29/35 MP: 5/7
  1363 | D:2      | HP: 1/35 [gnoll/spear (3)]
  1364 | D:2      | Slain by a gnoll

Skill      XL: |  1  2  3 |
---------------+----------+-----
Dodging        | 1 |  1.7
Invocations    | 3 4 |  4.2
Armour         | 2 |  2.4
Shields        | 1 |  1.0
Fighting       | |  3.4
Short Blades   | |  1.7

Action                   |  1- 3 |  4- 6 || total
-------------------------+-------+-------++-------
Melee: Short sword       |   104 |    18 ||   122
       Headbutt          |       |     3 ||     3
Invok: Depart the Abyss  |     1 |       ||     1
  Use: Scroll            |     3 |       ||     3
  Eat: Chunk             |     1 |       ||     1
Armor: Leather armour    |     3 |       ||     3
       Ring mail         |    37 |     3 ||    40
Dodge: Dodged            |    37 |     7 ||    44
Block: Shield            |    28 |     6 ||    34
